Bacon, neutral female human Monk ----- |..@| --.h.| |..(.- -..... .%... ... ... (.. ..... ...)... ....).- ....<-- ..| Bacon the Initiate Experience level: 6 Strength: 17 Dexterity: 15 Constitution: 11 Intelligence: 3 Wisdom: 15 Charisma: 10 Health: 10(38) Energy: 34(34) AC: 3 Gold: 710 Moves: 3413 Your Inventory: Coins $ - 710 gold pieces Amulets A - a [cursed] convex amulet [of restful sleep] Weapons m - 6 [uncursed +0] shuriken (in quiver) G - 10 [blessed +1] crude arrows [of fire (orcish)] Armor a - an uncursed +3 pair of leather gloves (being worn) b - an uncursed +1 robe (being worn) Comestibles f - 7 uncursed food rations g - 3 uncursed apples h - 6 uncursed oranges q - 3 [uncursed] cram rations K - an [uncursed] tripe ration Scrolls w - 2 [uncursed] unlabeled scrolls [of blank paper] H - 2 [uncursed] scrolls called Scroll of Earth [of earth] Spellbooks c - a blessed spellbook of protection Potions e - 3 uncursed potions of healing Rings s - an uncursed ring of fire resistance t - an uncursed ring of regeneration Wands l - an [uncursed] wand of probing (1:2) Tools j - an uncursed magic marker (0:52) k - a [cursed oil] lamp r - an [uncursed] looking glass [mirror] v - an [uncursed] brass lantern B - an [uncursed] towel Gems z - 2 [uncursed] yellow gems [citrine] Spells known in the end: Name Level Category Fail Memory a - protection 1 clerical 0% [|||||||.] Your skills at the end: Fighting Skills martial arts [Basic / Grand Master] Weapon Skills Spellcasting Skills healing spells [Basic / Expert] Final Attributes: You were piously aligned. Hunger level was 421. Your alignment was 22 / 27. Monster difficulty range was 0 - 5. Level difficulty was 4. You were immune to sleep. You were immune to poison. You saw invisible. You were stealthy. You were fast. Your luck was zero. You are dead. Vanquished creatures: a small mimic a wood nymph an enormous rat a yellow light a violet fungus a gnomish wizard a straw golem a paper golem 2 giant ants 3 little dogs a dwarf a homunculus a giant bat a werejackal an iguana an acid blob 2 hobbits a hobgoblin 3 giant rats 3 cave spiders 3 yellow molds a green mold a gecko 4 jackals a fox a kobold a goblin 2 grid bugs 3 bats 3 lichens 3 newts 51 creatures vanquished. Voluntary challenges: You were an atheist. You were vegetarian. You never hit with a wielded weapon. You read items or engraved 7 times. You put on armor 3 times. You never genocided any monsters. You never polymorphed an object. You never changed form. You used no wishes. You never wrote Elbereth's name. You encountered 1 bones level. You never used any Sokoban shortcuts. Dungeon overview: The Dungeons of Doom: levels 1 to 6 Level 1 a fountain a long staircase Level 2 an armor shop, a sink Level 3 a weapon shop stairs to The Gnomish Mines Level 5 many fountains Level 6 an armor shop, a fountain, a sink stairs to Sokoban The Gnomish Mines: Level 4 <- You were here stairs to The Dungeons of Doom Sokoban: levels 4 to 5 Level 5 a magic chest stairs to The Dungeons of Doom History has recorded: On T:1 you entered the Dungeons of Doom to retrieve the Amulet of Yendor! On T:270 you reached level 2 of The Dungeons of Doom. On T:273 you advanced to experience level 2. On T:401 you advanced to experience level 3. On T:502 you reached level 3 of The Dungeons of Doom. On T:553 you advanced to experience level 4. On T:786 you reached level 4 of The Dungeons of Doom. On T:1021 you advanced to experience level 5. On T:1051 you reached level 5 of The Dungeons of Doom. On T:1200 you advanced to experience level 6. On T:1655 you reached level 1 of The Gnomish Mines. On T:1791 you reached level 6 of The Dungeons of Doom. On T:2244 you reached level 3 of Sokoban. On T:2523 you reached level 2 of Sokoban. Latest messages: The mind flayer's tentacles suck you! Your brain is eaten! You feel very stupid! The mind flayer's tentacles suck you! Your brain is eaten! You feel stupid! The mind flayer's tentacles suck you! Your brain is eaten! You feel very stupid! [HP-17=21] You hear some noises in the distance. [HP+1=22] You kill the bat! The mind flayer thrusts her short sword. The mind flayer hits! The mind flayer's tentacles suck you! Your brain is eaten! You feel stupid! The mind flayer's tentacles suck you! Your brain is eaten! You feel stupid! The mind flayer's tentacles suck you! Your brain is eaten! Your last thought fades away. Final status: Punardarsanaya Bacon the Monk... You died in The Gnomish Mines on dungeon level 4 with 1181 points, and 710 pieces of gold, after 3413 moves. You were level 6 with a maximum of 38 hit points when you died.